Map: Acid Plant LE

Players

bigpowerzerg - Winner!

  • Race: Protoss Protoss
  • Spawn Location: 11:00

LaFantome

  • Race: Zerg Zerg
  • Spawn Location: 5:00

VOD

Have the link to the VOD?

Description

Time

  • Played on: May 16, 2018, 2:41 p.m.
  • Length: 6:43
Show
View Real Time Build Order
Export as new Build Order

bigpowerzerg Protoss - Winner!

Build Orders: 1 Gate Expand, Mass Adepts 

Get SALT Encoding   

  12  0:00  Probe  
  13  0:12  Probe  
  14  0:17  Pylon  
  14  0:24  Probe  
  15  0:33  Assimilator  
  15  0:35  Probe  
  15  0:42  Gateway  
  16  0:44  Probe  
  17  0:52  Probe  
  18  1:03  Probe  
  19  1:15  Probe  
  20  1:22  Nexus  
  20  1:32  Cybernetics Core  
  20  1:35  Probe  
  20  1:39  Assimilator  
  22  1:47  Probe  
  22  1:49  Pylon  
  22  1:58  Probe  
  23  2:04  Warp Gate  
  23  2:06  Probe  
  23  2:08  Adept  
  25  2:14  Probe  
  26  2:15  Twilight Council  
  27  2:25  Probe  
  28  2:31  Probe  
  28  2:36  Adept  
  31  2:37  Probe  
  31  2:39  Probe  
  31  2:42  Resonating Glaives  
  33  2:49  Probe x2  
  35  3:01  Probe  
  35  3:02  Probe  
  37  3:11  Gateway  
  37  3:13  Gateway, Probe  
  37  3:14  Probe  
  37  3:19  Pylon  
  39  3:23  Adept  
  39  3:26  Probe x2  
  43  3:38  Probe  
  43  3:40  Probe, Assimilator  
  45  3:44  Assimilator  
  45  3:47  Shield Battery  
  45  3:50  Probe  
  45  3:52  Probe  
  45  3:53  Protoss Air Weapons Level 1  
  47  3:58  Stargate  
  47  4:00  Stargate  
  47  4:07  Adept x2  
  47  4:08  Adept  
  53  4:11  Pylon  
  53  4:12  Probe  
  53  4:16  Pylon  
  54  4:26  Gateway  
  54  4:29  Probe  
  55  4:31  Adept x2  
  55  4:32  Adept  
  55  4:36  Phoenix x2  
  63  4:46  Probe x2  
  63  4:52  Adept x2  
  67  4:55  Pylon  
  67  4:59  Phoenix  
  69  5:12  Phoenix  
  71  5:21  Pylon  
  71  5:22  Pylon  
  71  5:24  Phoenix  
  73  5:30  Adept x2  
  77  5:39  Phoenix, Adept  
  77  5:40  Adept  
  83  5:49  Phoenix  
  85  5:57  Adept x2  
  89  6:04  Phoenix  
  91  6:13  Nexus  
  91  6:16  Pylon  
  91  6:27  Adept  
  91  6:32  Pylon  
  91  6:33  Pylon  
Show
View Real Time Build Order
Export as new Build Order

LaFantome Zerg 

Build Orders: Hatch First 

Get SALT Encoding   

  12  0:02  Drone  
  13  0:12  Overlord  
  13  0:17  Drone  
  14  0:30  Drone x2  
  14  0:35  Drone  
  17  0:52  Hatchery  
  17  0:55  Drone  
  17  0:59  Drone  
  18  1:08  Extractor  
  17  1:15  Spawning Pool  
  17  1:17  Drone  
  17  1:20  Drone  
  18  1:28  Drone  
  19  1:38  Drone  
  20  1:49  Hatchery  
  20  1:51  Drone  
  20  2:02  Drone  
  20  2:05  Drone  
  20  2:07  Queen  
  24  2:13  Drone  
  25  2:17  Overlord  
  25  2:23  Metabolic Boost  
  25  2:26  Zergling x2  
  25  2:28  Zergling x2  
  27  2:34  Drone  
  28  2:37  Drone  
  28  2:43  Queen  
  31  2:48  Drone x2  
  33  2:56  Overlord  
  32  3:09  Drone x4  
  36  3:16  Drone x3  
  36  3:17  Drone x2  
  41  3:22  Queen x2  
  45  3:35  Evolution Chamber  
  45  3:37  Drone x2  
  45  3:38  Drone x2  
  45  3:40  Spore Crawler  
  47  3:43  Spore Crawler  
  46  3:52  Zergling x4  
  46  3:53  Zergling x2  
  46  3:55  Overlord  
  49  3:59  Overlord  
  49  4:00  Overlord  
  49  4:11  Zerg Melee Weapons Level 1  
  49  4:16  Zergling x8  
  49  4:17  Zergling x6  
  56  4:22  Drone x5  
  61  4:27  Queen x2  
  64  4:43  Drone  
  64  4:44  Drone x9  
  68  4:52  Zergling x6  
  67  4:53  Zergling x2  
  68  5:01  Drone  
  68  5:04  Extractor  
  68  5:06  Extractor  
  67  5:13  Spore Crawler  
  67  5:14  Spore Crawler  
  65  5:15  Spore Crawler  
  65  5:17  Hatchery  
  65  5:21  Extractor  
  62  5:22  Extractor  
  62  5:25  Drone x5, Spore Crawler  
  62  5:26  Drone  
  66  5:29  Overlord x2  
  64  5:59  Zergling x8  
  64  6:01  Overlord  
  64  6:02  Overlord x2  
Tags
 
Add a new tag
Caveats
  • Supply blocks, unpowered buildings, or Contaminate may cause inaccurate times.
  • Supply counts are checked every 10 seconds.